 Dungeon Crawl Stone Soup version 0.24-a0-699-g5a66b1aa3b (webtiles) character file.

Game seed: 3665942422034425524, levelgen mode: deterministic

8183 Brecoman the Destroyer (level 11, -4/60 HPs)
             Began as a Tengu Air Elementalist on Sept 28, 2019.
             Was the Champion of Ru.
             Killed by divine providence
             ... invoked by a meliai
              (10 damage)
             ... on level 9 of the Dungeon on Sept 29, 2019.
             The game lasted 01:00:33 (14077 turns).

Brecoman the Destroyer (Tengu Air Elementalist)    Turns: 14077, Time: 01:00:33

Health: -4/60      AC:  4    Str: 10    XL:     11   Next: 26%
Magic:  0/23       EV: 20    Int: 18    God:    Ru [******]
Gold:   509        SH:  0    Dex: 14    Spells: 4/25 levels left

rFire    . . .     SeeInvis .   S - +3 scimitar (curse)
rCold    . . .     Gourm    .   (shield unavailable)
rNeg     . . .     Faith    .   M - +1 robe of Lootsur {MR+}
rPois    .         Spirit   +   (helmet restricted)
rElec    .         Reflect  .   G - scarf {cloud immunity}
rCorr    .         Harm     .   (no gloves)
MR       +....                  (boots unavailable)
Stlth    ..........             C - amulet of guardian spirit
HPRegen  0.20/turn              (ring unavailable)
MPRegen  0.18/turn              E - +1 ring of protection

@: about to teleport, flying quickly and evasively, lightly drained, quick
A: beak, talons 3, missing a hand, no stealth, inability to use devices,
inability to train armour, able to fly
a: Stop Flying, Draw Out Power, Power Leap, Apocalypse, Renounce Religion


You were on level 9 of the Dungeon.
You worshipped Ru.
Ru was exalted by your worship.
You were very hungry.

You visited 2 branches of the dungeon, and saw 11 of its levels.

You collected 509 gold pieces.

Inventory:

Hand Weapons
 h - a +0 club
 r - a +0 short sword
 v - a +0 trident
 w - a +0 morningstar
 x - a +2 vampiric dagger
 S - a cursed +3 scimitar (weapon)
Missiles
 g - 200 stones
 P - 3 throwing nets (quivered)
Armour
 a - a +1 robe
 p - a +1 troll leather armour {Snorg}
 y - the +0 leather armour "Cudghod" {Dex+6}
   (You found it on level 4 of the Dungeon)

   It affects your dexterity (+6).
 B - a +2 leather armour of poison resistance
 G - a scarf of cloud immunity (worn)
 M - the +1 robe of Lootsur (worn) {MR+}
   (You took it off an orc on level 7 of the Dungeon)

   It affects your resistance to hostile enchantments.
Magical Staves
 K - an uncursed staff of summoning
 N - an uncursed staff of wizardry
Jewellery
 d - a +4 ring of dexterity
 j - a cursed amulet of inaccuracy
 u - an uncursed ring of ice
 C - an amulet of guardian spirit (around neck)
 E - a +1 ring of protection (right hand)
 H - an uncursed amulet of faith
 L - an uncursed ring of see invisible
Scrolls
 b - a scroll of enchant weapon
 k - 3 scrolls of amnesia
 n - a scroll of noise
 F - 3 scrolls of remove curse
 I - 2 scrolls of teleportation
 R - 3 scrolls of fog
Potions
 e - 3 potions of curing {unknown}
 f - 3 potions of brilliance
 i - 3 potions of haste {unknown}
 l - 2 potions of flight {unknown}
 m - a potion of heal wounds {unknown}
 o - a potion of degeneration {unknown}
 t - a potion of ambrosia {unknown}
 z - 2 potions of lignification {unknown}
 A - 6 potions of might
 J - 2 potions of resistance
 O - a potion of berserk rage {unknown}
 Q - 2 potions of mutation {unknown}
Comestibles
 c - 14 rations


   Skills:
 + Level 3.0(2.7) Fighting
 - Level 5.5(5.1) Short Blades
 * Level 0.1(3.0) Long Blades
 + Level 8.5(8.1) Dodging
 + Level 7.7(7.3) Spellcasting
 - Level 10.1(9.7) Conjurations
 + Level 3.8(3.4) Summonings
 - Level 9.8(9.4) Air Magic


You had 4 spell levels left.
You knew the following spells:

 Your Spells              Type           Power        Failure   Level  Hunger
a - Shock                 Conj/Air       ####         1%          1    None
b - Swiftness             Chrm/Air       ###.....     2%          2    None
c - Airstrike             Air            #####.....   2%          4    ###....
d - Static Discharge      Conj/Air       #####...     1%          3    #......
e - Lightning Bolt        Conj/Air       #####.....   5%          5    #####..
f - Summon Lightning Spi  Summ/Air       ####....     8%          4    ###....
g - Call Imp              Summ           ###.....     3%          2    None

Your spell library contained the following spells:

 Spells                   Type           Power        Failure   Level  Hunger
 Summon Small Mammal      Summ           ###.         2%          1    None
 Call Canine Familiar     Summ           ###.....     8%          3    #......
 Beastly Appendage        Tmut           #.....       11%         1    None
 Confusing Touch          Hex            #.....       11%         1    None
 Sticks to Snakes         Tmut           #.......     16%         2    None
 Summon Guardian Golem    Hex/Summ       ##......     16%         3    #......
 Confuse                  Hex            #.......     32%         3    #......
 Gell's Gravitas          Tloc           #.........   32%         3    #......
 Spider Form              Tmut/Pois      #.........   32%         3    #......
 Summon Ice Beast         Ice/Summ       ##......     45%         4    ###....
 Ice Form                 Ice/Tmut       #.......     71%         4    ###....
 Petrify                  Tmut/Erth      #.......     71%         4    ###....
 Blade Hands              Tmut           #.........   96%         5    #####..
 Metabolic Englaciation   Hex/Ice        #.........   96%         5    #####..
 Yara's Violent Unravell  Hex/Tmut       #.........   96%         5    #####..


Dungeon Overview and Level Annotations

Branches:
Dungeon (10/15)            Temple (0/1) D:5             Orc (1/2) D:9
   Lair: D:8-11

Altars:
Ashenzari
Gozag
Hepliaklqana
Makhleb
Qazlal
Ru
Sif Muna
Trog
Uskayaw
Vehumet
Wu Jian
Yredelemnul
The Shining One
Beogh


Innate Abilities, Weirdness & Mutations

You have a beak for a mouth.
You have claws for feet.
You are missing a hand.
You cannot be stealthy.
You cannot study or use magical devices.
You cannot train Armour skill.
You can fly continuously.


Message History

The meliai calls down the wrath of its god upon you.
Something smites you!
* * * LOW HITPOINT WARNING * * *
You focus your will and slow the meliai in retribution!
The meliai mumbles some strange prayers to its god against you.
Something smites you!
* * * LOW HITPOINT WARNING * * *
The meliai calls upon its god to heal something.
Your surroundings suddenly seem different.
You feel less exhausted.
You reach down and close the door.
You start resting.
The meliai is too close now for your liking.
The meliai buzzes angrily.
The meliai is no longer moving slowly.
As you read the scroll of teleportation, it crumbles to dust.
You feel strangely unstable.
Something unseen opens the door.
The meliai calls down the wrath of its god upon something.
Something smites you!
You die...

.................................
..............................y..
.................###.########y###
.....<[..........# #y# #.#
.......>.........# #)## #.#
.................###).#######.#
.........[..[.)...).))..[>)...###
..........##8'8#####8y8##[.......
#...#######.....@8...)..#........
#...# #..........)..#........
#...# #...⌠.._..⌠...#........
#...# #.............#........
#...#######......>......#........
#.........###############........
............................^....
.###############.................
.###############...##############


You could see a meliai.

Vanquished Creatures
  Snorg (D:10)
  Harold (D:7)
  Erolcha (D:9)
  A two-headed ogre (D:7)
  Pikel (D:5)
  Grinder (D:5)
  A hippogriff (D:6)
  Sigmund (D:5)
  A hungry ghost (D:10)
  A water moccasin (D:10)
  Duvessa (D:6)
  7 orc warriors
  4 ogres
  A phantom (D:7)
  2 centaurs
  A big kobold (D:9)
  6 bullfrogs
  Dowan (D:5)
  4 scorpions
  A water moccasin skeleton (D:7)
  8 wights
  6 howler monkeys
  A bullfrog zombie (D:7)
  A crimson imp (D:9)
  A jelly (D:8)
  5 hounds
  5 orc priests
  A centaur skeleton (D:3)
  9 orc wizards
  4 bullfrog skeletons
  5 worker ants
  Terence (D:2)
  5 iguanas
  A worker ant zombie (D:7)
  11 gnolls
  10 adders
  5 shadow imps
  An ooze (D:3)
  2 adder zombies
  2 worms
  3 dart slugs
  5 leopard geckos
  52 orcs
  5 giant cockroaches
  2 gnoll zombies (D:7)
  10 hobgoblins
  14 jackals
  4 quokkas
  5 ball pythons
  5 bats
  8 frilled lizards
  12 goblins
  8 kobolds
  A leopard gecko skeleton (D:7)
  A quokka skeleton (D:5)
  A quokka zombie (D:6)
  7 rats
265 creatures vanquished.

Vanquished Creatures (collateral kills)
  An orc wizard (D:9)
  2 orcs (D:9)
3 creatures vanquished.

Grand Total: 268 creatures vanquished

Notes
Turn   | Place    | Note
-------+----------+-------------------------------------------
     0 | D:1      | Brecoman the Tengu Air Elementalist began the quest for the
                  | Orb.
     0 | D:1      | Reached XP level 1. HP: 10/10 MP: 4/4
   285 | D:1      | Reached XP level 2. HP: 15/15 MP: 3/6
   818 | D:1      | Reached skill level 2 in Conjurations
   927 | D:1      | Reached XP level 3. HP: 16/19 MP: 7/7
  1141 | D:2      | Learned a level 2 spell: Swiftness
  1211 | D:2      | Found a bloodstained altar of Trog.
  1212 | D:2      | Noticed Terence
  1259 | D:2      | Found a sacrificial altar of Ru.
  1455 | D:2      | Became a worshipper of Ru the Awakened
  1559 | D:2      | Found an opulent altar of Gozag.
  1689 | D:2      | Reached skill level 5 in Air Magic
  1794 | D:2      | Noticed a phantom
  2126 | D:1      | Reached XP level 4. HP: 21/24 MP: 0/8
  2554 | D:2      | Learned a level 4 spell: Airstrike
  2698 | D:2      | Reached skill level 3 in Conjurations
  2698 | D:2      | Gained mutation: You can fly continuously. [Tengu growth]
  2698 | D:2      | Reached XP level 5. HP: 19/28 MP: 4/10
  2820 | D:2      | Killed Terence
  2928 | D:3      | You are sucked into a shaft and drop 3 floors!
  3037 | D:5      | Entered Level 5 of the Dungeon
  3197 | D:3      | Gained mutation: You cannot be stealthy. [Ru sacrifice]
  3295 | D:3      | Reached XP level 6. HP: 29/32 MP: 1/11
  3829 | D:3      | Found an ornate altar of the Wu Jian Council.
  3878 | D:3      | Found a stormy altar of Qazlal.
  3963 | D:3      | Reached skill level 4 in Conjurations
  4507 | D:4      | Got a dazzling leather armour
  4518 | D:4      | Identified the cursed +0 leather armour "Cudghod" {Dex+6}
                  | (You found it on level 4 of the Dungeon)
  4546 | D:4      | Reached XP level 7. HP: 26/36 MP: 3/13
  4784 | D:4      | Found a hazy altar of Hepliaklqana.
  4976 | D:5      | Noticed Sigmund
  4980 | D:5      | Killed Sigmund
  4980 | D:5      | Reached skill level 5 in Conjurations
  5199 | D:5      | Reached skill level 6 in Conjurations
  5521 | D:5      | Found a staircase to the Ecumenical Temple.
  5540 | D:5      | Found a glowing golden altar of the Shining One.
  5541 | D:5      | Found a shattered altar of Ashenzari.
  5541 | D:5      | Found a shimmering blue altar of Sif Muna.
  5542 | D:5      | Found an opulent altar of Gozag.
  5542 | D:5      | Noticed Pikel
  5554 | D:5      | Killed Pikel
  5554 | D:5      | Reached skill level 5 in Dodging
  5554 | D:5      | Reached XP level 8. HP: 39/41 MP: 2/15
  5756 | D:5      | Found a burning altar of Makhleb.
  6016 | D:5      | Noticed Grinder
  6027 | D:5      | Killed Grinder
  6027 | D:5      | Reached skill level 7 in Conjurations
  6289 | D:5      | Gained mutation: You cannot train Armour skill. [Ru
                  | sacrifice]
  6289 | D:5      | Reached * piety under Ru
  6289 | D:5      | Reached ** piety under Ru
  6615 | D:6      | Found a radiant altar of Vehumet.
  6825 | D:6      | Reached skill level 5 in Spellcasting
  6918 | D:6      | Noticed Duvessa
  6918 | D:6      | Noticed Dowan
  6974 | D:6      | Killed Duvessa
  6974 | D:6      | Reached XP level 9. HP: 45/45 MP: 8/17
  7191 | D:6      | You are sucked into a shaft and drop 3 floors!
  7570 | D:7      | Noticed Harold
  7852 | D:5      | Killed Dowan
  7852 | D:5      | Reached skill level 8 in Conjurations
  8936 | D:6      | Learned a level 3 spell: Static Discharge
  8942 | D:6      | Learned a level 5 spell: Lightning Bolt
  9135 | D:7      | Identified the +1 robe of Lootsur {MR+}
  9157 | D:7      | Reached skill level 1 in Short Blades
  9403 | D:7      | Killed Harold
  9403 | D:7      | Reached skill level 9 in Conjurations
  9403 | D:7      | Reached XP level 10. HP: 37/50 MP: 1/20
  9554 | D:7      | Found a basalt altar of Yredelemnul.
  9575 | D:8      | Noticed a two-headed ogre
  9590 | D:7      | Killed a two-headed ogre
  9760 | D:8      | You are sucked into a shaft and drop 2 floors!
  9760 | D:10     | Entered Level 10 of the Dungeon
  9766 | D:10     | Gained mutation: You cannot study or use magical devices.
                  | [Ru sacrifice]
  9766 | D:10     | Reached *** piety under Ru
  9766 | D:10     | Reached **** piety under Ru
  9914 | D:10     | Noticed Snorg
  9947 | D:10     | Killed Snorg
  9947 | D:10     | Reached skill level 10 in Conjurations
 10667 | D:8      | Learned a level 4 spell: Summon Lightning Spire
 10670 | D:8      | Learned a level 2 spell: Call Imp
 10670 | D:8      | Upgraded the game from 0.24-a0-693-g39a19ac0f1 to
                  | 0.24-a0-699-g5a66b1aa3b
 10733 | D:8      | Found a hide-covered altar of Uskayaw.
 11068 | D:9      | Reached skill level 1 in Summonings
 11224 | D:8      | Reached skill level 1 in Fighting
 11425 | D:9      | Noticed Erolcha
 11818 | D:9      | Reached XP level 11. HP: 57/57 MP: 20/22
 12051 | D:9      | Killed Erolcha
 12051 | D:9      | Reached skill level 5 in Short Blades
 12235 | D:9      | Gained mutation: You are missing a hand. [Ru sacrifice]
 12235 | D:9      | Reached ***** piety under Ru
 12235 | D:9      | Reached ****** piety under Ru
 12240 | D:9      | Found a roughly hewn altar of Beogh.
 12240 | D:9      | Found a staircase to the Orcish Mines.
 12971 | Orc:1    | Entered Level 1 of the Orcish Mines
 14060 | D:9      | HP: 3/60 [meliai/divine providence (8)]
 14077 | D:9      | Killed from afar by a meliai

Levels and vault maps discovered:
D:1:      giann_wishing_wells, layout_loops_corners, roderic_roman_lattice
D:2:      layout_basic, nicolae_ru_great_annihilating_truth, bloody_trog,
          grunt_gozag_breadcrumbs, uniq_terence
D:3:      layout_loops_ring, grunt_qazlal_clouds, lemuel_round_altar,
          first_ration
D:4:      layout_gridville, kennysheep_mini_moat
D:5:      layout_loops_ring, marbit_many_paths, grunt_temple_overflow_open,
          minmay_temple_entry_stoned_glass, enter_ossuary_2, serial_rivers,
          chequers_serial_rivers_small_b, chequers_serial_rivers_small_b,
          chequers_serial_rivers_micro_e, chequers_serial_rivers_micro_c,
          chequers_serial_rivers_micro_b, chequers_serial_rivers_micro_a,
          minmay_misc_feat_square, st_stairs_10, grunt_decor_mini_mirrors,
          uniq_grinder, uniq_sigmund, uniq_pikel
D:6:      layout_gridville, old_standard_altar, uniq_menkaure, uniq_duvessa
D:7:      layout_loops_ring, lemuel_zombie_altar_yredelemnul, uniq_harold
D:8:      layout_loops_cross, kennysheep_little_box
D:9:      layout_long_grid, david_orc_5, uniq_erolcha
D:10:     minmay_evil_eye, layout_grid_maze, minmay_misc_feat_alley, uniq_snorg
Orc:1:    layout_diamond_mine

Skill      XL: |  1  2  3  4  5  6  7  8  9 10 11 |
---------------+----------------------------------+-----
Conjurations   | 2 3 4 6 7 9 10 | 10.1
Air Magic      | 5 6 7 9 |  9.8
Dodging        | 3 4 5 6 7 8 |  8.5
Stealth        | 0 |  0.0
Spellcasting   | 3 4 5 6 7 |  7.7
Shields        | 2 4 0 |  0.0
Short Blades   | 2 4 5 |  5.5
Summonings     | 2 3 |  3.8
Fighting       | 1 3 |  3.0
Long Blades    | |  0.1

Action                   |  1- 3 |  4- 6 |  7- 9 | 10-12 || total
-------------------------+-------+-------+-------+-------++-------
Melee: Unarmed           |     1 |       |       |       ||     1
       Club              |    29 |       |       |       ||    29
       Kick              |     9 |    12 |    45 |    82 ||   148
       Peck              |     2 |     8 |    17 |    53 ||    80
       Dagger            |       |    63 |    86 |   247 ||   396
       Scimitar          |       |       |       |    21 ||    21
Throw: Stone             |     5 |       |       |       ||     5
       Throwing net      |       |       |     1 |       ||     1
 Cast: Shock             |    61 |    98 |    89 |    46 ||   294
       Swiftness         |     1 |     1 |       |     2 ||     4
       Airstrike         |       |     7 |    41 |    26 ||    74
       Lightning Bolt    |       |       |     3 |    19 ||    22
       Call Imp          |       |       |       |     5 ||     5
       Summon Lightning  |       |       |       |     2 ||     2
Invok: Sacrifice Stealth |       |     1 |       |       ||     1
       Sacrifice Durabil |       |       |     1 |       ||     1
       Draw Out Power    |       |       |       |     2 ||     2
       Sacrifice Artific |       |       |       |     1 ||     1
       Sacrifice a Hand  |       |       |       |     1 ||     1
 Abil: Fly               |       |     1 |       |       ||     1
  Use: Scroll            |       |       |    12 |     7 ||    19
 Stab: Sleeping          |     5 |       |       |       ||     5
       Distracted        |       |       |     1 |     1 ||     2
       Paralysed         |       |       |       |     2 ||     2
       Invisible         |       |       |       |     1 ||     1
  Eat: Chunk             |     4 |    10 |    11 |    19 ||    44
       Ration            |       |       |     3 |     1 ||     4
Armor: Robe              |     7 |    11 |     2 |    17 ||    37
       Leather armour    |       |     2 |    13 |       ||    15
Dodge: Dodged            |    49 |    78 |    97 |   217 ||   441
Block: Buckler           |       |       |    23 |    15 ||    38
       Rpst.: Scimitar   |       |       |       |     8 ||     8

Table legend:
 A = Non-vault XP
 B = Vault XP
 C = Vault XP percentage of total XP
 D = Non-vault monster count
 E = Vault monster count
 F = Vault count percentage of total count
                 A         B        C        D         E       F
            +---------+---------+-------+---------+---------+-------
      Total |    6565 |    5125 |  43.8 |     226 |      42 |  15.7
            +---------+---------+-------+---------+---------+-------
        D:1 |      38 |      40 |  51.3 |      22 |       1 |   4.3
        D:2 |      86 |      40 |  31.7 |      25 |       4 |  13.8
        D:3 |     274 |       0 |   0.0 |      39 |       0 |   0.0
        D:4 |      92 |       0 |   0.0 |       8 |       0 |   0.0
        D:5 |     447 |    1293 |  74.3 |      14 |       7 |  33.3
        D:6 |    1063 |     147 |  12.1 |      32 |       1 |   3.0
        D:7 |    1687 |    1010 |  37.4 |      19 |       3 |  13.6
        D:8 |     659 |     147 |  18.2 |      23 |       3 |  11.5
        D:9 |    1176 |    1075 |  47.8 |      25 |      19 |  43.2
       D:10 |    1043 |    1373 |  56.8 |      19 |       4 |  17.4
            +---------+---------+-------+---------+---------+-------
